Map: Zen LE

Players

supertravis

  • Race: Protoss Protoss
  • League: Silver
  • Spawn Location: 1:00

antagomiR - Winner!

  • Race: Protoss Protoss
  • League: Gold
  • Spawn Location: 7:00

VOD

Have the link to the VOD?

Description

Time

  • Played on: April 16, 2020, 2:16 a.m.
  • Length: 23:09
Show
View Real Time Build Order
Export as new Build Order

supertravis Protoss 

Build Orders:  

Get SALT Encoding   

  12  0:10  Probe (Chrono Boost)  
  13  0:20  Probe (Chrono Boost)  
  14  0:24  Probe (Chrono Boost)  
  14  0:27  Pylon  
  15  0:33  Assimilator  
  15  0:45  Probe  
  16  0:52  Gateway  
  16  0:58  Probe (Chrono Boost)  
  16  1:00  Pylon  
  17  1:10  Probe (Chrono Boost)  
  18  1:15  Forge  
  18  1:20  Assimilator  
  18  1:30  Pylon  
  18  1:48  Cybernetics Core  
  18  1:54  Zealot  
  18  1:56  Photon Cannon  
  20  2:04  Photon Cannon  
  20  2:38  Probe  
  21  2:50  Probe  
  22  2:58  Zealot (Chrono Boost)  
  24  3:03  Probe  
  25  3:15  Probe  
  26  3:22  Zealot (Chrono Boost)  
  28  3:27  Probe (Chrono Boost)  
  29  3:42  Zealot  
  31  3:49  Twilight Council  
  31  3:52  Gateway  
  31  4:00  Gateway  
  31  4:09  Zealot (Chrono Boost)  
  33  4:13  Gateway  
  33  4:20  Pylon  
  33  4:33  Zealot (Chrono Boost)  
  33  4:35  Dark Shrine  
  33  4:36  Protoss Ground Weapons Level 1  
  33  4:38  Warp Gate  
  35  4:40  Charge  
  35  4:53  Zealot x3  
  41  5:09  Zealot  
  41  5:11  Pylon  
  43  5:25  Stargate  
  43  5:59  Stargate  
  43  6:19  Nexus  
  43  6:22  Pylon  
  23  7:25  Photon Cannon  
  23  7:26  Photon Cannon  
  23  7:30  Photon Cannon  
  23  7:35  Probe (Chrono Boost)  
  24  7:37  Assimilator  
  24  7:43  Dark Templar  
  27  7:45  Probe (Chrono Boost), Dark Templar  
  27  7:47  Dark Templar  
  27  7:50  Probe (Chrono Boost)  
  27  7:51  Dark Templar  
  34  8:01  Probe  
  35  8:05  Fleet Beacon  
  35  8:13  Probe  
  35  8:18  Photon Cannon  
  36  8:26  Dark Templar  
  38  8:29  Dark Templar  
  38  8:31  Dark Templar  
  42  8:39  Photon Cannon  
  42  8:50  Probe (Chrono Boost)  
  43  9:00  Probe (Chrono Boost)  
  44  9:05  Probe (Chrono Boost)  
  44  9:07  Stargate  
  45  9:16  Probe  
  46  9:19  Pylon  
  46  9:28  Probe  
  47  9:36  Carrier  
  53  9:58  Assimilator  
  39  10:35  Carrier (Chrono Boost)  
  45  10:42  Carrier (Chrono Boost)  
  51  10:50  Tempest (Chrono Boost)  
  56  11:00  Zealot  
  56  11:02  Zealot  
  56  11:03  Zealot  
  62  11:05  Zealot  
  64  11:24  Pylon  
  58  11:44  Stalker  
  60  11:49  Carrier (Chrono Boost)  
  66  11:57  Carrier (Chrono Boost)  
  72  12:05  Tempest (Chrono Boost)  
  77  12:21  Photon Cannon  
  77  12:25  Photon Cannon  
  77  12:28  Photon Cannon  
  77  12:33  Shield Battery  
  60  14:47  Tempest  
  59  14:52  Tempest  
  47  15:57  Nexus  
  45  16:29  Pylon  
  18  18:25  Dark Templar  
  18  18:26  Dark Templar  
  22  18:28  Dark Templar  
  22  18:30  Dark Templar  
  26  18:53  Probe (Chrono Boost)  
  27  19:02  Dark Templar  
  30  19:03  Probe (Chrono Boost)  
  30  19:04  Dark Templar  
  32  19:43  Dark Templar  
  32  19:44  Dark Templar  
  36  19:47  Dark Templar  
  36  19:51  Probe  
  39  20:03  Probe  
  40  20:21  Dark Templar  
  42  20:22  Dark Templar  
  37  21:33  Tempest x2  
  37  21:34  Tempest  
  28  22:16  Dark Templar  
  28  22:17  Dark Templar  
Show
View Real Time Build Order
Export as new Build Order

antagomiR Protoss - Winner!

Build Orders: Chargelot Immortal 

Get SALT Encoding   

  12  0:01  Probe  
  13  0:18  Probe  
  14  0:22  Pylon  
  14  0:30  Probe  
  15  0:41  Gateway  
  15  0:44  Probe (Chrono Boost)  
  16  0:54  Probe (Chrono Boost)  
  16  0:56  Assimilator  
  17  1:01  Assimilator  
  17  1:03  Probe  
  18  1:15  Probe  
  19  1:28  Probe  
  20  1:42  Cybernetics Core  
  20  1:48  Nexus  
  20  1:58  Pylon  
  20  2:16  Probe  
  20  2:17  Warp Gate (Chrono Boost)  
  20  2:20  Adept (Chrono Boost)  
  21  2:28  Probe  
  23  2:40  Probe  
  23  2:41  Robotics Facility  
  24  2:51  Stalker  
  24  2:52  Probe  
  27  3:04  Probe  
  28  3:08  Probe  
  28  3:11  Pylon  
  29  3:16  Probe  
  29  3:18  Gateway  
  30  3:28  Gateway  
  30  3:31  Probe  
  31  3:36  Probe  
  31  3:41  Sentry  
  34  3:45  Probe  
  35  3:48  Probe  
  35  3:51  Observer  
  35  3:55  Pylon  
  37  3:58  Probe  
  38  4:12  Observer  
  38  4:15  Stalker  
  41  4:23  Probe x2  
  43  4:35  Probe x2  
  43  4:36  Assimilator  
  45  4:40  Assimilator  
  45  4:42  Pylon  
  45  4:47  Probe x2  
  45  4:52  Pylon  
  47  4:53  Stalker x3  
  47  4:59  Probe x2  
  55  5:10  Immortal (Chrono Boost)  
  59  5:18  Probe x2  
  61  5:42  Immortal, Twilight Council  
  64  5:45  Forge  
  64  5:49  Zealot  
  66  5:50  Zealot x2  
  70  5:59  Probe x2  
  73  6:11  Probe x2  
  73  6:16  Pylon  
  74  6:20  Pylon  
  74  6:22  Observer  
  65  6:43  Immortal  
  61  7:02  Stalker x3  
  64  7:08  Probe  
  64  7:10  Probe  
  65  7:16  Charge  
  65  7:20  Probe  
  65  7:21  Protoss Ground Weapons Level 1 (Chrono Boost)  
  65  7:22  Probe  
  67  7:29  Nexus  
  67  7:35  Pylon  
  67  7:44  Immortal  
  71  8:04  Shield Battery  
  71  8:10  Zealot x3  
  77  8:23  Warp Prism  
  79  8:31  Probe x2  
  81  8:42  Assimilator  
  81  8:43  Probe x2  
  81  8:45  Assimilator  
  83  8:49  Stalker  
  85  8:55  Probe  
  85  8:56  Probe  
  87  9:08  Probe x2  
  89  9:11  Zealot x2  
  93  9:23  Pylon  
  93  9:27  Probe x2  
  95  9:32  Immortal  
  95  9:38  Sentry x3  
  103  9:39  Probe  
  103  9:43  Probe, Observer  
  107  9:48  Probe  
  107  9:51  Probe  
  109  9:55  Probe  
  105  10:11  Immortal  
  100  10:32  Zealot  
  102  10:43  Nexus  
  102  10:45  Pylon  
  102  10:47  Pylon  
  102  11:00  Gateway  
  102  11:02  Gateway  
  102  11:03  Probe x2  
  102  11:04  Protoss Ground Weapons Level 2, Gateway  
  104  11:06  Gateway  
  104  11:15  Probe x2  
  104  11:16  Zealot x2  
  110  11:20  Zealot  
  112  11:27  Probe x2  
  108  11:47  Stargate  
  108  11:49  Stargate  
  106  11:57  Probe x2, Stargate  
  106  12:01  Stalker x4  
  116  12:09  Probe  
  116  12:13  Probe  
  118  12:15  Probe  
  118  12:21  Probe  
  120  12:24  Photon Cannon  
  120  12:26  Probe  
  120  12:28  Probe, Photon Cannon  
  122  12:33  Probe  
  123  12:42  Probe  
  123  12:43  Probe  
  125  12:45  Probe  
  126  12:55  Probe x2  
  126  12:57  Probe  
  127  13:02  Photon Cannon  
  125  13:07  Probe x2  
  96  13:34  Fleet Beacon  
  96  13:37  Stalker x2  
  96  13:38  Stalker x3  
  101  13:48  Photon Cannon  
  101  14:11  Stalker  
  101  14:12  Stalker x4  
  101  14:13  Photon Cannon  
  101  14:14  Gateway  
  111  14:17  Photon Cannon  
  111  14:28  Tempest x2  
  121  14:37  Stalker x2  
  119  14:58  Probe x3  
  116  15:05  Pylon  
  116  15:10  Probe x2  
  111  15:30  Probe  
  108  15:38  Probe x2  
  109  15:46  Probe  
  107  16:44  Nexus  
  107  16:56  Tempest  
  107  16:57  Pylon, Protoss Air Weapons Level 1 (Chrono Boost)  
  107  17:14  Tempest  
  112  17:16  Blink  
  112  17:17  Carrier  
  111  17:25  Stalker x2  
  111  17:26  Stalker  
  117  17:39  Pylon  
  117  17:55  Probe x3, Tempest (Chrono Boost), Assimilator  
  117  17:58  Tempest (Chrono Boost), Assimilator  
  130  18:07  Probe x3  
  133  18:13  Stalker  
  133  18:14  Stalker x2  
  139  18:28  Gateway  
  139  18:31  Gateway  
  139  18:44  Probe  
  140  18:59  Pylon  
  140  19:02  Pylon  
  140  19:04  Probe x2  
  140  19:05  Probe, Pylon  
  140  19:07  Pylon  
  136  19:17  Tempest x2  
  136  19:20  Tempest  
  149  19:29  Robotics Facility  
  147  19:36  Observer  
  147  19:40  Stalker x2  
  147  19:41  Stalker x3  
  157  19:49  Nexus  
  157  19:50  Pylon  
  157  19:53  Pylon  
  157  19:57  Pylon  
  157  20:05  Void Ray x2 (Chrono Boost)  
  157  20:08  Void Ray (Chrono Boost)  
  169  20:28  Protoss Air Weapons Level 2 (Chrono Boost)  
  169  20:31  Photon Cannon  
  169  20:37  Photon Cannon  
  169  20:41  Tempest x2  
  179  20:47  Photon Cannon  
  179  20:54  Stalker  
  181  21:00  Tempest  
  186  21:24  Tempest x2  
  194  22:05  Observer  
  195  22:25  Tempest  
  195  22:27  Observer  
  195  22:51  Assimilator  
  195  22:56  Assimilator  
  195  22:59  Pylon  
  195  23:00  Pylon  
Tags
 
Matchup
PvP
Replay Pack
20200422
Spawn Locations
Cross Positions
Add a new tag
Caveats
  • Supply blocks, unpowered buildings, or Contaminate may cause inaccurate times.
  • Supply counts are checked every 10 seconds.